 Dungeon Crawl Stone Soup version 0.23.2-40-g277498a001 (webtiles) character file.

Game seed: 8757512445602930657

242 Curus the Cleaver (level 5, -1/42 HPs)
             Began as a Minotaur Gladiator on Oct 12, 2019.
             Succumbed to an orc wizard's poison
             ... on level 3 of the Dungeon.
             The game lasted 00:08:48 (1538 turns).

Curus the Cleaver (Minotaur Gladiator)              Turns: 1538, Time: 00:08:48

Health: -1/42      AC:  4    Str: 22    XL:     5   Next: 81%
Magic:  4/4        EV: 13    Int:  6    God:
Gold:   103        SH:  0    Dex: 12    Spells: 4/4 levels left

rFire    + . .     SeeInvis .   a - +0 war axe
rCold    + . .     Gourm    .   (no shield)
rNeg     . . .     Faith    .   b - +0 leather armour
rPois    .         Spirit   .   c - +1 hat
rElec    .         Reflect  .   e - scarf {rC+ rF+}
rCorr    .         Harm     .   (no gloves)
MR       .....                  (no boots)
Stlth    +.........             (no amulet)
HPRegen  0.14/turn              n - +4 ring of strength
MPRegen  0.09/turn              (no ring)

@: confused, lethally poisoned (-1 -> -40)
A: retaliatory headbutt, horns 2
a: no special abilities


You were on level 3 of the Dungeon.
You were not hungry.

You visited 1 branch of the dungeon, and saw 3 of its levels.
You also visited: Sewer.

You collected 103 gold pieces.

Inventory:

Hand Weapons
 a - a +0 war axe (weapon)
Missiles
 d - 3 throwing nets (quivered)
Armour
 b - a +0 leather armour (worn)
 c - a +1 hat (worn)
 e - a scarf of resistance (worn)
Jewellery
 n - a +4 ring of strength (left hand)
 q - an uncursed amulet of guardian spirit {unknown}
Scrolls
 j - 2 scrolls of amnesia
 k - a scroll of noise
 l - a scroll of identify
 m - a scroll of enchant armour
 p - a scroll of enchant weapon {unknown}
Potions
 g - 3 potions of flight
 h - 3 potions of curing
 o - a potion of heal wounds
Comestibles
 f - 6 rations
 i - 5 chunks of flesh


   Skills:
 - Level 2.4 Fighting
 + Level 8.0 Axes
 - Level 2.0 Throwing
 - Level 3.2 Dodging


You had 4 spell levels left.
You didn't know any spells.
Your spell library was empty.

Dungeon Overview and Level Annotations

Branches:
Dungeon (3/15)

Altars:


Innate Abilities, Weirdness & Mutations

You reflexively headbutt those who attack you in melee.
You have a pair of horns on your head.


Message History

You closely miss something. Your headbutt misses something.
You feel sick. Something hits you but does no damage.
You are more poisoned.
You hear some strange, mumbled words.
You are more confused.
You feel sick.
You feel sick.
You closely miss something.
You feel sick. Something hits you.
* * * LOW HITPOINT WARNING * * *
You are more poisoned.
Something hits you but does no damage.
You are more poisoned.
You closely miss something. Your headbutt misses something.
* * * LOW HITPOINT WARNING * * *
You feel very sick.
An orc comes into view. It is wielding a +0 mace.
Something hits you but does no damage.
You are more poisoned.
You completely miss something.
You die...

#. #.# #.# #.# ... ##.###
.. o.##########....# ..
.........).#....# .#
#......@{).#....#
#####.####...............#
........ ..#.#...##.#....#
#.....# #....###..#....# #
##..###...#.> ...##....# #
#...........####.##<####
###......#######......#
#.......##..........#.#
..#.###....#.....>..#.#


You could see an orc (wandering).

Vanquished Creatures
  A big kobold (Sewer)
  An orc wizard (D:3)
  5 adders (D:2)
  2 river rats (Sewer)
  5 leopard geckos
  3 orcs (D:3)
  8 bats
  2 giant cockroaches
  7 goblins
  7 hobgoblins
  5 jackals
  A quokka (D:2)
  A ball python (D:3)
  5 frilled lizards
  18 kobolds
  12 rats
83 creatures vanquished.

Notes
Turn   | Place    | Note
-------+----------+-------------------------------------------
     0 | D:1      | Curus the Minotaur Gladiator began the quest for the Orb.
     0 | D:1      | Reached XP level 1. HP: 18/18 MP: 0/0
    31 | D:1      | Reached skill level 4 in Axes
    52 | D:1      | Reached XP level 2. HP: 14/25 MP: 1/1
   370 | D:1      | Reached skill level 5 in Axes
   607 | D:2      | Reached XP level 3. HP: 29/30 MP: 2/2
   816 | D:2      | Reached skill level 6 in Axes
   816 | D:2      | Reached XP level 4. HP: 37/37 MP: 3/3
  1242 | D:3      | Found a glowing drain.
  1328 | Sewer    | Entered a sewer
  1386 | Sewer    | Noticed a big kobold
  1392 | Sewer    | Reached XP level 5. HP: 32/42 MP: 4/4
  1395 | Sewer    | Reached skill level 7 in Axes
  1417 | Sewer    | Found a white marble altar of Elyvilon.
  1526 | D:3      | Reached skill level 8 in Axes
  1537 | D:3      | HP: 2/42 [poisoned by an orc wizard]
  1538 | D:3      | Succumbed to an orc wizard's poison

Skill      XL: |  1  2  3  4  5 |
---------------+----------------+-----
Axes           | 4 5 6 8 |  8.0
Fighting       | |  2.4
Throwing       | |  2.0
Dodging        | |  3.2

Action                   |  1- 3 |  4- 6 || total
-------------------------+-------+-------++-------
Melee: War axe           |    77 |    64 ||   141
       Headbutt          |    15 |     5 ||    20
  Use: Potion            |     6 |     1 ||     7
       Scroll            |     3 |     6 ||     9
 Stab: Invisible         |     2 |       ||     2
  Eat: Chunk             |       |     2 ||     2
Armor: Leather armour    |    21 |    13 ||    34
Dodge: Dodged            |    43 |    38 ||    81
